Map: Ascension to Aiur LE

Players

SamuraiFunn - Winner!

  • Race: Protoss Protoss
  • League: Platinum
  • Spawn Location: 5:00

A.I. 1 (Very Hard)

  • Race: Zerg Zerg
  • Spawn Location: 11:00

VOD

Have the link to the VOD?

Description

Time

  • Played on: Nov. 30, 2017, 10:38 a.m.
  • Length: 4:15
Show
View Real Time Build Order
Export as new Build Order

SamuraiFunn Protoss - Winner!

Build Orders:  

Get SALT Encoding   

  12  0:01  Probe  
  13  0:13  Probe  
  14  0:37  Probe  
  14  0:41  Pylon  
  15  0:59  Probe (Chrono Boost)  
  16  1:10  Gateway  
  16  1:11  Probe (Chrono Boost), Assimilator  
  17  1:12  Gateway  
  17  1:17  Gateway, Probe  
  18  1:29  Pylon  
  18  1:30  Probe  
  19  1:39  Assimilator  
  19  1:48  Probe  
  20  1:59  Zealot x2  
  20  2:00  Probe  
  25  2:04  Zealot  
  27  2:12  Probe  
  28  2:16  Cybernetics Core  
  28  2:24  Probe  
  29  2:31  Zealot  
  31  2:59  Pylon x2  
  31  3:03  Zealot  
  31  3:05  Zealot  
  31  3:10  Zealot  
  31  3:25  Nexus  
  29  3:45  Zealot x2, Twilight Council  
  33  4:02  Pylon  
Show
View Real Time Build Order
Export as new Build Order

A.I. 1 (Very Hard) Zerg 

Build Orders: Hatch First 

Get SALT Encoding   

  12  0:00  Drone  
  13  0:12  Overlord  
  13  0:17  Drone  
  14  0:30  Drone x2  
  14  0:34  Drone  
  17  0:53  Hatchery  
  17  0:56  Drone  
  17  1:14  Spawning Pool  
  17  1:15  Extractor  
  17  1:17  Drone  
  16  1:21  Drone  
  16  1:25  Drone  
  18  1:29  Drone  
  19  1:38  Overlord  
  19  1:49  Drone  
  20  1:57  Extractor  
  20  2:00  Queen  
  21  2:03  Zergling x2  
  21  2:05  Drone  
  23  2:21  Queen  
  25  2:23  Drone  
  25  2:28  Drone  
  27  2:32  Drone  
  27  2:34  Drone  
  29  2:38  Zergling x2  
  30  2:47  Overlord  
  27  2:54  Zergling x2  
  24  3:04  Drone  
  19  3:10  Drone  
  18  3:16  Drone  
  18  3:22  Drone  
  19  3:29  Drone  
  20  3:35  Drone  
  21  3:41  Drone  
  21  3:48  Zergling x2  
Tags
 
Add a new tag
Caveats
  • Supply blocks, unpowered buildings, or Contaminate may cause inaccurate times.
  • Supply counts are checked every 10 seconds.